 Dungeon Crawl Stone Soup version bcrawl-1.27.6 (webtiles) character file.

Game seed: 1586560265496362817

105542 DogServant the Cudgeler (level 3, -5/30 HPs)
             Began as a Sand Dwarf Skald on Oct 12, 2020.
             Slain by a sky beast (6 damage)
             ... on level 2 of the Dungeon.
             The game lasted 00:02:31 (1379 turns).

DogServant the Cudgeler (Sand Dwarf Skald)          Turns: 1379, Time: 00:02:31

Health: -5/30      AC:  4    Str: 16    XL:     3   Next: 45%
Magic:  1/6        EV: 13    Int: 13    God:
Gold:   81         SH:  0    Dex: 10    Spells: 0/6 levels left

rFire    . . .     SeeInvis .   a - +0 mace
rCold    . . .     Gourm    .   (shield restricted)
rNeg     . . .     Faith    .   b - +1 leather armour
rPois    .         Spirit   .   (no helmet)
rElec    .         Reflect  .   (no cloak)
rCorr    .         Harm     .   (no gloves)
MR       .....                  (no boots)
Stlth    +.........             (no amulet)
HPRegen  0.10/turn              (no ring)
MPRegen  0.10/turn              (no ring)

@: very slightly contaminated, slow
A: small, claws 1, sense surroundings 1, slowness 1, subdued magic 1, armour
attunement
a: no special abilities


You were on level 2 of the Dungeon.
You were hungry.

You visited 1 branch of the dungeon, and saw 2 of its levels.

You collected 81 gold pieces.

Inventory:

Hand Weapons
 a - a +0 mace (weapon)
Armour
 b - a +1 leather armour (worn)
Scrolls
 f - 2 scrolls of identify
 l - a scroll of fog {unknown}
Comestibles
 e - 3 rations {!d}


   Skills:
 - Level 2.4 Fighting
 + Level 4.4 Maces & Flails
 - Level 1.2 Armour
 - Level 1.5 Dodging
 - Level 2.0 Spellcasting
 + Level 3.7 Charms


You couldn't memorise any spells.
You knew the following spells:

 Your Spells              Type           Power        Failure   Level  Hunger
a - Infusion              Chrm           #.......     4%          1    None
b - Song of Slaying       Chrm           #.......     7%          2    ##.....
c - Spectral Weapon       Hex/Chrm       #.......     30%         3    ####...

Your spell library contained the following spells:

 Spells                   Type           Power        Failure   Level  Hunger
 Ozocubu's Armour         Chrm/Ice       #.......     30%         3    ####...
 Regeneration             Chrm/Necr      #.........   30%         3    ####...


Dungeon Overview and Level Annotations

Branches:
Dungeon (2/12)

Altars:


Innate Abilities, Weirdness & Mutations

You are small and have problems with some larger weapons.
You cover ground slowly.
Armour does not affect your spellcasting.
You have sharp fingernails.
You passively map a small area around you.
Your spells are a little easier to cast, but a little less powerful.


Message History

* * * LOW HITPOINT WARNING * * *
Your spectral weapon barely misses the sky beast.
You aren't carrying any potions.
Okay, then.
You hit the sky beast.
The sky beast is moderately wounded.
Your spectral weapon misses the sky beast.
The sky beast hits you but does no damage.
The sky beast closely misses you.
You closely miss the sky beast.
The sky beast is moderately wounded.
Your spectral weapon hits the sky beast but does no damage.
The sky beast hits you but does no damage.
You hit the sky beast but do no damage.
The sky beast is moderately wounded.
Your spectral weapon hits the sky beast!
The sky beast hits you.
* * * LOW HITPOINT WARNING * * *
The sky beast shocks you.
You die...

, ##.# ,
♣.♣♣ *
.... ♣.♣♣
*,,, ...#*
, ♣..♣ ,
#<.# * *
♣♣.♣ #.$#
♣.♣♣ *
#######..#
♣♣.♣ ,
.[..(....#
♣♣.♣ **
#Y#######
♣..♣
#(@.....#
♣.♣♣
#######.#
♣♣.♣ #.#
♣..♣ #.#
♣.♣♣ #.#
♣.♣ #.#
♣)♣♣ #.#
♣♣.♣ #.##
♣.♣♣ #..#
♣♣.♣♣


You could see a sky beast and a friendly spectral +0 mace.

Vanquished Creatures
  A gnoll (D:2)
  A dart slug (D:2)
  2 leopard geckos
  A giant cockroach (D:1)
  8 hobgoblins
  4 kobolds (D:1)
  3 bats (D:1)
  3 frilled lizards
  3 rats
26 creatures vanquished.

Notes
Turn   | Place    | Note
-------+----------+-------------------------------------------
     0 | D:1      | DogServant the Sand Dwarf Skald began the quest for the
                  | Orb.
     0 | D:1      | Reached XP level 1. HP: 18/18 MP: 3/3
   247 | D:1      | Reached XP level 2. HP: 25/25 MP: 1/5
   762 | D:1      | Reached skill level 4 in Maces & Flails
  1011 | D:2      | Learned a level 2 spell: Song of Slaying
  1060 | D:2      | Reached XP level 3. HP: 22/30 MP: 0/6
  1069 | D:2      | Gained mutation: Your spells are a little easier to cast,
                  | but a little less powerful. [potion of mutation]
  1069 | D:2      | Gained mutation: You passively map a small area around you.
                  | [potion of mutation]
  1069 | D:2      | Gained mutation: You have sharp fingernails. [potion of
                  | mutation]
  1365 | D:2      | Noticed a sky beast
  1370 | D:2      | Learned a level 3 spell: Spectral Weapon
  1379 | D:2      | HP: 1/30 [sky beast (4)]
  1379 | D:2      | Slain by a sky beast

Skill      XL: |  1  2 |
---------------+-------+-----
Maces & Flails | 4 |  4.4
Fighting       | |  2.4
Armour         | |  1.2
Dodging        | |  1.5
Spellcasting   | |  2.0
Charms         | |  3.7

Action                   || total
-------------------------++-------
Melee: Mace              ||    91
 Cast: Infusion          ||    10
       Song of Slaying   ||     1
       Spectral Weapon   ||     1
  Use: Scroll            ||     5
       Potion            ||     1
  Eat: Chunk             ||     5
Armor: Leather armour    ||    34
Dodge: Dodged            ||    80
